 Dungeon Crawl Stone Soup version 0.29.1-13-g9f3cf754e1 (webtiles) character file.

Game seed: 16225452330676154299

24 DeadRuby the Trooper (level 3, -2/23 HPs)
             Began as a Kobold Fighter on Feb 10, 2023.
             Slain by a gnoll
             ... wielding a +0 club
              (6 damage)
             ... on level 2 of the Dungeon.
             The game lasted 00:04:40 (674 turns).

DeadRuby the Trooper (Kobold Fighter)                Turns: 674, Time: 00:04:40

Health: -2/23      AC:  9    Str: 15    XL:     3   Next: 15%
Magic:  3/3        EV: 10    Int:  9    God:
Gold:   56         SH:  5    Dex: 14    Spells: 2/2 levels left

rFire   . . .      SeeInvis .   a - +0 rapier
rCold   . . .      Faith    .   c - +0 buckler
rNeg    . . .      Spirit   .   b - +0 scale mail
rPois   .          Reflect  .   u - +2 hat
rElec   .          Harm     .   (no cloak)
rCorr   .          Rampage  .   (no gloves)
Will    .....                   p - +0 pair of boots
Stlth   +.........              (no amulet)
HPRegen 0.07/turn               (no ring)
MPRegen 0.08/turn               (no ring)

@: no status effects
A: small, no large weapons, nightstalker 3
a: no special abilities


You were on level 2 of the Dungeon.
You visited 1 branch of the dungeon, and saw 2 of its levels.

You collected 56 gold pieces.

Inventory:

Hand Weapons
 a - a +0 rapier (weapon)
 f - a +0 dagger
 i - a +0 sling
 m - a +0 whip
 o - a +0 club
 q - a +0 dagger
 r - a +0 whip
 s - a +0 short sword
 t - a +0 quarterstaff
Missiles
 h - 11 stones (quivered)
 n - a throwing net
Armour
 b - a +0 scale mail (worn)
 c - a +0 buckler (worn)
 p - a +0 pair of boots (worn)
 u - a +2 hat (worn)
Scrolls
 j - a scroll of fear {unknown}
 k - a scroll of torment {unknown}
 l - a scroll of enchant weapon {unknown}
Potions
 d - a potion of might
 e - a potion of brilliance {unknown}
 g - a potion of haste {unknown}


   Skills:
 + Level 3.4 Fighting
 + Level 3.1 Short Blades
 + Level 2.8 Armour
 + Level 2.7 Shields


You had 2 spell levels left.
You didn't know any spells.
Your spell library contained the following spells:

 Spells                   Type           Power      Damage    Failure   Level
 Beastly Appendage        Tmut           0%         N/A       93%         1
 Wereblood                Tmut           0%         N/A       98%         2
 Spider Form              Tmut/Pois      0%         N/A       100%        3


Dungeon Overview and Level Annotations

Branches:
Dungeon (1/15)

Altars:


Innate Abilities, Weirdness & Mutations

You are small and have problems with some larger weapons.
You are completely attuned to the shadows.


Message History

The gnoll closely misses you. The goblin misses you.
The gnoll hits you with a +0 whip. The gnoll attacks as you move away!
The gnoll hits you but does no damage. The goblin closely misses you.
The gnoll closely misses you. The goblin hits you with a +0 dagger.
The gnoll closely misses you.
You see here a rat corpse.
You block the gnoll's attack.
There is an open door here.
You hit the goblin but do no damage.
The gnoll hits you from afar with a +0 spear.
The goblin hits you but does no damage.
You closely miss the goblin. The gnoll closely misses you.
You block the goblin's attack. The gnoll hits you but does no damage.
The goblin completely misses you.
You closely miss the goblin.
The gnoll hits you from afar with a +0 spear.
The goblin hits you with a +0 dagger.
You hit the goblin.
You kill the goblin!
The gnoll misses you.
You hit the gnoll.
The gnoll is heavily wounded.
The gnoll hits you but does no damage. The gnoll barely misses you.
You hit the gnoll.
The gnoll is heavily wounded.
The gnoll hits you from afar with a +0 spear.
* * * LOW HITPOINT WARNING * * *
The gnoll hits you but does no damage.
You hit the gnoll.
You kill the gnoll!
The gnoll hits you from afar with a +0 spear.
* * * LOW HITPOINT WARNING * * *
Your Short Blades skill increases to level 3!
You have reached level 3!
Your experience leads to an increase in your attributes!
Increase (S)trength, (I)ntelligence, or (D)exterity?
You feel stronger. x2
The gnoll attacks as you move away! The gnoll hits you with a +0 club.
You die...

############# #............#
#............#
#............#####
......##.................
.......##....†........#...
.......##.............#.#.
#.........##............##.##
+........ggg@...........'....
#)........##............#####
#.........#######.....### #
#.........# #####.#######
#.........###########.#...<..
############..........#.#.###
.. #.##########...# ...
#.............##
...###########
#############.#


You could see 3 gnolls.

Vanquished Creatures
  A gnoll (D:2)
  A dart slug (D:2)
  An endoplasm (D:1)
  A giant cockroach (D:1)
  3 goblins
  A quokka (D:2)
  A ball python (D:1)
  A frilled lizard (D:1)
  A kobold (D:2)
  2 rats (D:2)
13 creatures vanquished.

Notes
Turn   | Place    | Note
-------+----------+-------------------------------------------
     0 | D:1      | DeadRuby the Kobold Fighter began the quest for the Orb.
     0 | D:1      | Reached XP level 1. HP: 14/14 MP: 1/1
   280 | D:1      | You fall into a shaft and drop 1 floor!
   323 | D:2      | Reached XP level 2. HP: 19/19 MP: 2/2
   673 | D:2      | Reached XP level 3. HP: 4/23 MP: 3/3
   674 | D:2      | Slain by a gnoll

Illustrated notes

Levels and vault maps discovered:
D:1:      moated_graveyard_arrival, layout_basic,
          ebering_ecumenical_altar_sacrificial
D:2:      layout_basic

Skill      XL: |  1  2 |
---------------+-------+-----
Short Blades   | 3 |  3.1
Fighting       | |  3.4
Armour         | |  2.8
Shields        | |  2.7

Action                   || total
-------------------------++-------
Melee: Rapier            ||    43
Armor: Scale mail        ||    22
Dodge: Dodged            ||    27
Block: Buckler           ||    12
